 Dungeon Crawl Stone Soup version 0.27-a0-1185-ga233589e6f (webtiles) character file.

Game seed: 8071123231272688371

149690 Delamore the Warrior (level 17, -3/115 HPs)
             Began as a Gargoyle Fighter on May 18, 2021.
             Was the Champion of Okawaru.
             Slain by a titanic slime creature (82 damage)
             ... in an ice cave on May 19, 2021.
             The game lasted 00:43:00 (37566 turns).

Delamore the Warrior (Gargoyle Fighter)            Turns: 37566, Time: 00:43:01

Health: -3/115     AC: 44    Str: 34    XL:     17   Next: 52%
Magic:  23/23      EV:  9    Int: 11    God:    Okawaru [******]
Gold:   1857       SH: 20    Dex:  9    Spells: 16/16 levels left

rFire    x . .     SeeInvis .   T - +9 eveningstar (protect)
rCold    + . .     Faith    .   c - +0 kite shield
rNeg     + . .     Spirit   .   J - +1 chain mail of Ypesh {Str+3}
rPois    ∞         Reflect  +   a - +1 hat {Will+}
rElec    +         Harm     .   g - +2 cloak
rCorr    .         Rampage  .   L - +2 pair of gloves
Will     ++...                  p - +0 pair of boots
Stlth    ..........             V - amulet of reflection
HPRegen  0.29/turn              u - ring of ice
MPRegen  0.18/turn              M - +6 ring of strength

@: under a protective aura, flying, studying Shields
A: sickness immunity, AC +12, big wings, negative energy resistance 1,
electricity resistance, torment resistance 1, petrification resistance
a: Renounce Religion, Heroism, Finesse


You were in an ice cave.
You worshipped Okawaru.
Okawaru was exalted by your worship.
You visited 5 branches of the dungeon, and saw 27 of its levels.
You also visited: Gauntlet, Ice Cave and Volcano.

You collected 4038 gold pieces.
You spent 2181 gold pieces at shops.

Inventory:

Hand Weapons
 T - a +9 eveningstar of protection (weapon)
Missiles
 m - 25 javelins (quivered)
 H - 2 throwing nets
 S - 9 silver boomerangs
Armour
 a - a +1 hat of willpower (worn)
 c - a +0 kite shield (worn)
 g - a +2 cloak (worn)
 p - a +0 pair of boots (worn)
 J - the +1 chain mail of Ypesh (worn) {Str+3}
   (Okawaru gifted it to you on level 6 of the Lair of Beasts)

   It affects your strength (+3).
 L - a +2 pair of gloves (worn)
Jewellery
 k - a +6 ring of dexterity
 u - a ring of ice (left hand)
 A - a ring of positive energy
 M - a +6 ring of strength (right hand)
 R - a ring of protection from fire
 V - an amulet of reflection (around neck)
Wands
 C - a wand of iceblast (34)
 E - a wand of acid (14)
 F - a wand of flame (69)
 N - a wand of digging (9)
Scrolls
 b - a scroll of silence
 f - 4 scrolls of fog
 h - 3 scrolls of identify
 i - 3 scrolls of enchant armour
 l - 2 scrolls of blinking
 r - 18 scrolls of teleportation
 s - 3 scrolls of noise
 t - 3 scrolls of summoning
 w - a scroll of holy word
 x - 3 scrolls of immolation
 y - 3 scrolls of fear
 Y - 4 scrolls of magic mapping
Potions
 d - 6 potions of might
 e - 2 potions of resistance
 j - 10 potions of ambrosia
 n - a potion of invisibility
 q - 7 potions of cancellation
 z - 6 potions of heal wounds
 B - 9 potions of curing
 G - 4 potions of magic
 O - 3 potions of berserk rage
 P - a potion of brilliance
 Q - 4 potions of haste
 Z - 3 potions of mutation
Miscellaneous
 v - a condenser vane
 K - a phantom mirror


   Skills:
 + Level 16.1 Fighting
 - Level 16.0 Maces & Flails
 + Level 7.6 Throwing
 - Level 15.0 Armour
 - Level 16.0 Shields
 + Level 8.5 Invocations


You had 16 spell levels left.
You didn't know any spells.
Your spell library contained the following spells:

 Spells                   Type           Power      Damage    Failure   Level
 Animate Skeleton         Necr           0%         N/A       69%         1
 Apportation              Tloc           0%         N/A       69%         1
 Beastly Appendage        Tmut           0%         N/A       69%         1
 Corona                   Hex            0%         N/A       69%         1
 Sandblast                Erth           0%         2d4       69%         1
 Sting                    Tmut/Pois      0%         1d3       69%         1
 Summon Small Mammal      Summ           0%         N/A       69%         1
 Corpse Rot               Necr/Air       N/A        N/A       83%         2
 Ensorcelled Hibernation  Hex/Ice        0%         N/A       83%         2
 Passwall                 Tmut/Erth      0%         N/A       83%         2
 Poisonous Vapours        Pois/Air       0%         N/A       83%         2
 Wereblood                Tmut           0%         N/A       83%         2
 Confusing Touch          Hex            0%         N/A       96%         3
 Dazzling Flash           Conj/Hex       0%         N/A       96%         3
 Gell's Gravitas          Tloc           0%         N/A       96%         3
 Ignite Poison            Fire/Tmut/Pois 0%         N/A       96%         3
 Mephitic Cloud           Conj/Pois/Air  0%         N/A       96%         3
 Spider Form              Tmut/Pois      0%         N/A       96%         3
 Stone Arrow              Conj/Erth      0%         3d7       96%         3
 Tukima's Dance           Hex            0%         N/A       96%         3
 Ice Form                 Ice/Tmut       0%         N/A       100%        4
 Leda's Liquefaction      Hex/Erth       0%         N/A       100%        4
 Olgreb's Toxic Radiance  Pois           0%         N/A       100%        4
 Petrify                  Tmut/Erth      0%         N/A       100%        4
 Borgnjor's Vile Clutch   Necr/Erth      0%         N/A       100%        5
 Hydra Form               Tmut           0%         N/A       100%        5
 Lee's Rapid Deconstruct  Erth           0%         3d5*      100%        5
 Metabolic Englaciation   Hex/Ice        0%         N/A       100%        5
 Summon Forest            Summ/Tloc      0%         N/A       100%        5
 Yara's Violent Unravell  Hex/Tmut       0%         3d3       100%        5
 Eringya's Noxious Bog    Tmut/Pois      0%         N/A       100%        6
 Summon Hydra             Summ           0%         N/A       100%        7
 Shatter                  Erth           0%         3d5*      100%        9


Dungeon Overview and Level Annotations

Branches:
Dungeon (15/15)            Temple (1/1) D:6            Lair (6/6) D:8
 Shoals (0/4) Lair:4        Snake (3/4) Lair:4        Slime (0/5) Lair:5
    Orc (2/2) D:9             Elf (0/3) Orc:2        Vaults (0/5) D:14
 Depths (0/5) D:15          IceCv (1/1)             Volcano (visited)
Gauntlet (visited)

Altars:
Ashenzari
Cheibriados
Dithmenos
Elyvilon
Fedhas
Gozag
Hepliaklqana
Kikubaaqudgha
Makhleb
Nemelex Xobeh
Okawaru
Qazlal
Ru
Sif Muna
Trog
Uskayaw
Vehumet
Wu Jian
Xom
Yredelemnul
Jiyva

Shops:
D:8 *   D:11 !   Orc:2 ?(?[   Snake:2 ![

Annotations:
Lair:1 exclusion: oklob plant
Lair:3 exclusion: 2 oklob plants


Innate Abilities, Weirdness & Mutations

You are immune to sickness and miasma.
Your stone body is resilient. (AC +12)
You are immune to poison.
Your large and strong wings let you fly.
You resist negative energy. (rN+)
You are resistant to electric shocks. (rElec)
You are resistant to unholy torment.
You are immune to petrification.


Message History

You impale the very large slime creature!!
Your weapon exudes an aura of protection.
The very large slime creature is lightly wounded.
The slime creature hits you but does no damage.
Two slime creatures merge to form an enormous slime creature.
A slime creature comes into view.
You sock the enormous slime creature!
The enormous slime creature is lightly wounded.
The slime creature hits you but does no damage.
You barely miss the enormous slime creature.
The enormous slime creature is lightly wounded.
You thump the enormous slime creature!
The enormous slime creature is moderately wounded.
The enormous slime creature hits you!!! You block the slime creature's attack.
You hit the enormous slime creature.
The enormous slime creature is moderately wounded.
You block the slime creature's attack.
You block the enormous slime creature's attack.
You sock the enormous slime creature!
The enormous slime creature is moderately wounded.
You sock the enormous slime creature!
The enormous slime creature is moderately wounded.
Two slime creatures merge to form a titanic slime creature.
The slime creature hits you but does no damage.
You completely miss the titanic slime creature.
The titanic slime creature is moderately wounded.
You block the titanic slime creature's attack.
A demonic crawler simulacrum comes into view.
The slime creature hits you but does no damage.
You skewer the titanic slime creature like a kebab!!!
The titanic slime creature is moderately wounded.
You impale the titanic slime creature!!
The titanic slime creature is heavily wounded.
The titanic slime creature barely misses you.
The slime creature closely misses you.
You impale the titanic slime creature!!
The titanic slime creature is heavily wounded.
The titanic slime creature hits you!!!!
Ouch! That really hurt!
You die...

####### .......###
.Z.....### #.JJ...##
#@...(# ##...(#
####....(#
###.......##
#######........##
#####...........####
...............##
.....###########
...### ###########


You could see a titanic slime creature, a slime creature and a demonic crawler
simulacrum.

Vanquished Creatures
  Rupert (D:14)
  Frances (Snake:1)
  An azure jelly (Snake:3)
  A nagaraja (Snake:2)
  A ghoul (D:13)
  A quicksilver ooze (IceCv)
  Azrael (D:14)
  A minotaur (Gauntlet)
  2 ettins
  The ghost of ndkqne the Geomancer, a journeyman GrEE of Vehumet (D:12)
  Josephine (Lair:6)
  2 fire dragons
  5 boulder beetles
  3 naga warriors
  A catoblepas (Lair:2)
  14 hydras
  2 anacondas
  6 centaur warriors
  4 two-headed ogres
  A vampire mage (D:15)
  A tengu warrior (D:14)
  A death yak (Lair:5)
  A hell hog (Volcano)
  Urug (D:12)
  4 naga sharpshooters
  3 shock serpents
  3 orc high priests (Orc:2)
  13 spriggans (Lair:6)
  The ghost of Pij Fiec the Bewitcher, a journeyman SpEn of Dithmenos (D:11)
  A soul eater (Gauntlet)
  2 skeletal warriors (D:15)
  2 sixfirhies (Gauntlet)
  A wizard (D:15)
  2 naga ritualists
  A necromancer (D:15)
  13 ugly things
  4 oklob plants (Lair:6)
  6 orc knights
  A frost giant zombie (D:15)
  3 orc sorcerers (Orc:2)
  3 mana vipers
  A wolf spider (D:11)
  5 cyclopes
  3 manticores
  5 salamanders
  A stone giant zombie (D:15)
  4 naga magi
  A merfolk siren (Lair:4)
  21 elephants
  A torpor snail (Lair:5)
  12 black mambas
  A gargoyle (D:11)
  An ice statue (IceCv)
  17 cane toads
  5 rime drakes
  3 freezing wraiths (Snake:3)
  An efreet (D:15)
  A minotaur zombie (Gauntlet)
  21 komodo dragons
  2 entropy weaver simulacra (IceCv)
  2 demonic crawlers
  A harpy zombie (D:13)
  2 queen bees
  A very ugly thing simulacrum (IceCv)
  10 slime creatures
  3 trolls
  3 meliai (D:12)
  6 hornets (Lair:6)
  4 polar bears
  14 blink frogs
  3 meliai zombies (D:13)
  9 dream sheep
  An ice dragon skeleton (D:15)
  A spriggan (shapeshifter) (D:13)
  5 wyverns
  12 fire bats (Volcano)
  6 basilisks
  5 wraiths
  3 fire elementals
  64 yaks
  16 humans (D:14)
  2 vampire mosquitoes
  3 wargs
  22 nagas
  2 acid dragons
  20 water moccasins
  2 demonic crawler simulacra (IceCv)
  A human skeleton (D:15)
  6 hell hounds
  A hornet zombie (D:7)
  4 ice beasts
  4 black bears
  23 orc warriors
  3 ugly thing simulacra (IceCv)
  A sky beast (D:6)
  4 necrophages
  3 boggarts (Lair:6)
  26 wolves
  3 ogres
  11 centaurs
  3 kobold brigands
  14 bullfrogs
  A glowing shapeshifter simulacrum (IceCv)
  4 scorpions
  3 water moccasin skeletons
  26 killer bees
  14 wights
  6 electric eels
  10 centaur zombies
  10 lava snakes (Volcano)
  3 jellies
  2 gnoll shamans
  2 bullfrog skeletons
  3 hounds
  21 orc priests
  A centaur skeleton (D:5)
  19 orc wizards
  18 iguanas
  9 hell rats
  3 killer bee zombies
  A hound zombie (D:5)
  2 mummies (D:13)
  4 howler monkey zombies
  2 howler monkey skeletons
  11 gnolls
  6 adders
  3 shadow imps (Gauntlet)
  A white imp (D:8)
  An ufetubus (D:5)
  64 orcs
  5 ball pythons
  8 endoplasms
  4 giant cockroaches
  4 goblins
  11 hobgoblins
  5 jackals
  3 quokkas
  3 bats
  16 frilled lizards
  32 kobolds
  10 rats
903 creatures vanquished.

Vanquished Creatures (others)
  Nessos (D:15)
  A deep elf pyromancer (D:10)
  Psyche (D:8)
  A kobold brigand (D:10)
  An orc priest (Orc:2)
  24 fungi
  73 plants
  3 withered plants
105 creatures vanquished.

Grand Total: 1008 creatures vanquished

Notes
Turn   | Place    | Note
-------+----------+-------------------------------------------
     0 | D:1      | Delamore the Gargoyle Fighter began the quest for the Orb.
     0 | D:1      | Reached XP level 1. HP: 14/14 MP: 1/1
    95 | D:1      | Reached XP level 2. HP: 7/19 MP: 2/2
   599 | D:1      | Found a faded altar of an unknown god.
   727 | D:1      | Reached XP level 3. HP: 21/24 MP: 3/3
  1203 | D:2      | Reached XP level 4. HP: 7/29 MP: 4/4
  2319 | D:2      | HP: 1/29 [hound (5)]
  2520 | D:3      | Found a blossoming altar of Fedhas.
  2810 | D:3      | Reached XP level 5. HP: 27/34 MP: 5/5
  3693 | D:4      | Noticed a necrophage
  3702 | D:4      | Killed a necrophage
  3703 | D:4      | Reached skill level 5 in Fighting
  3703 | D:4      | Reached skill level 5 in Shields
  3703 | D:4      | Reached XP level 6. HP: 40/40 MP: 6/6
  4239 | D:4      | Found an ancient bone altar of Kikubaaqudgha.
  4871 | D:5      | Entered Level 5 of the Dungeon
  4872 | D:5      | Identified a scroll of acquirement
  4873 | D:5      | Acquired 1186 gold pieces
  4902 | D:5      | Noticed a water moccasin
  4963 | D:5      | Reached skill level 5 in Maces & Flails
  4963 | D:5      | Reached skill level 1 in Throwing
  4963 | D:5      | Reached XP level 7. HP: 36/44 MP: 7/7
  5532 | D:5      | Reached XP level 8. HP: 45/49 MP: 8/8
  6315 | D:5      | Found a shimmering blue altar of Sif Muna.
  6579 | D:6      | Reached skill level 5 in Throwing
  6960 | D:6      | Found a staircase to the Ecumenical Temple.
  6971 | Temple   | Entered the Ecumenical Temple
  7112 | Temple   | Became a worshipper of Warmaster Okawaru
  7653 | D:6      | Reached XP level 9. HP: 43/54 MP: 9/9
  7816 | D:6      | Identified the -3 pair of boots of the Merchant {rPois rF+}
  8883 | D:7      | Reached * piety under Okawaru
  8922 | D:7      | Found a sacrificial altar of Ru.
  8972 | D:7      | Reached skill level 10 in Maces & Flails
  9573 | D:7      | Reached ** piety under Okawaru
  9574 | D:7      | Reached XP level 10. HP: 59/59 MP: 10/10
 10705 | D:8      | Found Vikeck's General Store.
 10714 | D:8      | Bought a scroll of amnesia for 49 gold pieces
 10917 | D:8      | Noticed Psyche
 10928 | D:8      | Killed Psyche
 11296 | D:8      | Found a staircase to the Lair.
 11633 | Lair:1   | Entered Level 1 of the Lair of Beasts
 11671 | Lair:1   | Noticed a black mamba
 11702 | D:8      | Killed a black mamba
 12042 | Lair:1   | Reached *** piety under Okawaru
 12118 | Lair:1   | Noticed an oklob plant
 12458 | Lair:1   | Noticed a five-headed hydra
 12469 | Lair:1   | Killed a five-headed hydra
 12568 | Lair:1   | Reached **** piety under Okawaru
 12606 | Lair:1   | Reached XP level 11. HP: 53/63 MP: 11/11
 12769 | Lair:1   | You fall into a shaft and drop 1 floor!
 12798 | Lair:2   | Received a gift from Okawaru
 13676 | Lair:2   | Received a gift from Okawaru
 13778 | Lair:2   | Reached skill level 1 in Invocations
 13861 | Lair:2   | Noticed a catoblepas
 13871 | Lair:2   | Reached skill level 10 in Shields
 13880 | Lair:2   | Reached ***** piety under Okawaru
 13894 | Lair:2   | Killed a catoblepas
 13894 | Lair:2   | Received a gift from Okawaru
 13894 | Lair:2   | Received a gift from Okawaru
 13928 | Lair:2   | Reached skill level 5 in Invocations
 13966 | Lair:2   | Reached XP level 12. HP: 13/69 MP: 3/15
 14905 | Lair:3   | Noticed an eight-headed hydra
 14913 | Lair:3   | Killed an eight-headed hydra
 14913 | Lair:3   | Received a gift from Okawaru
 15400 | Lair:3   | Noticed a boulder beetle
 15417 | Lair:3   | Killed a boulder beetle
 15417 | Lair:3   | Received a gift from Okawaru
 16139 | Lair:3   | Reached skill level 15 in Maces & Flails
 16166 | Lair:3   | Received a gift from Okawaru
 16462 | Lair:3   | Found a blossoming altar of Fedhas.
 16749 | Lair:4   | Found a gate leading to a gauntlet.
 16790 | Lair:4   | Noticed a four-headed hydra
 16801 | Lair:4   | Killed a four-headed hydra
 16848 | Gauntlet | Entered a Gauntlet
 16848 | Gauntlet | Found a transporter.
 16848 | Gauntlet | Found a transporter.
 16904 | Gauntlet | Noticed a soul eater
 16949 | Gauntlet | Found a transporter.
 16949 | Gauntlet | Found a transporter.
 16953 | Gauntlet | Found a transporter.
 16953 | Gauntlet | Found a transporter.
 16989 | Gauntlet | Found a transporter.
 16990 | Gauntlet | Found a transporter.
 17000 | Gauntlet | Found a transporter.
 17012 | Gauntlet | Noticed a death scarab
 17015 | Gauntlet | Found a transporter.
 17016 | Gauntlet | Noticed a death scarab
 17029 | Gauntlet | Found a transporter.
 17033 | Gauntlet | Found a transporter.
 17114 | Gauntlet | Killed a soul eater
 17157 | Gauntlet | Reached XP level 13. HP: 82/82 MP: 16/16
 17254 | Gauntlet | Reached skill level 10 in Fighting
 17305 | Gauntlet | Identified the ring of Birdsong {Drain rPois rC+ Dex+7}
 17305 | Gauntlet | Noticed a minotaur
 17319 | Gauntlet | Killed a minotaur
 17535 | Lair:4   | Received a gift from Okawaru
 17549 | Lair:4   | Reached skill level 5 in Armour
 17811 | Lair:4   | Found a staircase to the Snake Pit.
 18082 | Lair:4   | Reached ****** piety under Okawaru
 18185 | Lair:4   | Found a staircase to the Shoals.
 19047 | Lair:5   | Found a staircase to the Slime Pits.
 19048 | Lair:5   | Found a viscous altar of Jiyva.
 19050 | Lair:5   | Found a dark tunnel.
 19064 | Volcano  | Entered a volcano
 19350 | Volcano  | Noticed a fire dragon
 19367 | Volcano  | Received a gift from Okawaru
 19377 | Volcano  | Reached skill level 10 in Armour
 19395 | Volcano  | Killed a fire dragon
 19395 | Volcano  | Received a gift from Okawaru
 19573 | Volcano  | Found a radiant altar of Vehumet.
 19725 | Lair:5   | Gained mutation: Your large and strong wings let you fly.
                  | [Gargoyle growth]
 19725 | Lair:5   | Reached XP level 14. HP: 51/90 MP: 17/17
 20609 | Lair:5   | Received a gift from Okawaru
 20612 | Lair:5   | Identified the +7 halberd of Taxation {vorpal, Drain rElec
                  | rPois Dex+5}
 20700 | Lair:5   | Received a gift from Okawaru
 20967 | Lair:5   | Received a gift from Okawaru
 21476 | Lair:6   | Entered Level 6 of the Lair of Beasts
 21482 | Lair:6   | Received a gift from Okawaru
 21728 | Lair:6   | Noticed Josephine
 21734 | Lair:6   | Killed Josephine
 22481 | Lair:6   | Identified the +1 chain mail of Ypesh {Str+3} (Okawaru
                  | gifted it to you on level 6 of the Lair of Beasts)
 22481 | Lair:6   | Received a gift from Okawaru
 22594 | Lair:6   | Reached skill level 15 in Fighting
 22979 | Lair:6   | Reached XP level 15. HP: 78/103 MP: 18/18
 23673 | Lair:6   | Identified the Incunabulum of Earth
 25378 | D:9      | Found a staircase to the Orcish Mines.
 25537 | D:9      | Identified the +8 war axe "Hellblazer" {vorpal, Str+4}
 26365 | Orc:1    | Entered Level 1 of the Orcish Mines
 26632 | Orc:2    | Entered Level 2 of the Orcish Mines
 27228 | Orc:2    | Received a gift from Okawaru
 27954 | Orc:2    | Received a gift from Okawaru
 28320 | Orc:2    | Paralysed by an orc sorcerer for 7 turns
 28474 | Orc:2    | Found Buurot's Antique Armour Emporium.
 28474 | Orc:2    | Found Jeapna's Magic Scroll Boutique.
 28479 | Orc:2    | Found Wumaciro's Antique Weapon Emporium.
 28479 | Orc:2    | Found Efikos's Magic Scroll Boutique.
 28486 | Orc:2    | Bought a pair of embroidered gloves for 172 gold pieces
 28490 | Orc:2    | Bought 2 scrolls of enchant weapon for 195 gold pieces
 28490 | Orc:2    | Bought a scroll of brand weapon for 260 gold pieces
 28492 | Orc:2    | Bought a scroll of acquirement for 780 gold pieces
 28509 | Orc:2    | Acquired a manual of Shields
 28517 | Orc:2    | Bought a scroll of identify for 26 gold pieces
 28517 | Orc:2    | Bought a scroll of identify for 26 gold pieces
 28517 | Orc:2    | Bought a scroll of identify for 26 gold pieces
 28517 | Orc:2    | Bought a scroll of identify for 26 gold pieces
 28517 | Orc:2    | Bought a scroll of teleportation for 39 gold pieces
 28517 | Orc:2    | Bought a scroll of teleportation for 39 gold pieces
 28517 | Orc:2    | Bought a scroll of identify for 26 gold pieces
 28517 | Orc:2    | Bought a scroll of identify for 26 gold pieces
 28564 | Orc:2    | Found a staircase to the Elven Halls.
 29145 | D:10     | Entered Level 10 of the Dungeon
 29243 | D:10     | Received a gift from Okawaru
 29886 | D:11     | Received a gift from Okawaru
 29910 | D:11     | Found a runed translucent gate.
 29910 | D:11     | Found a runed translucent gate.
 29912 | D:11     | Found a runed translucent gate.
 29912 | D:11     | Noticed Pij Fiec's ghost (journeyman SpEn)
 29932 | D:11     | Found Niddiopp's Distillery.
 29939 | D:11     | Bought a potion of might for 44 gold pieces
 29939 | D:11     | Bought a potion of haste for 110 gold pieces
 29939 | D:11     | Bought a potion of curing for 33 gold pieces
 30293 | D:11     | Killed Pij Fiec's ghost
 30513 | D:12     | Noticed Urug
 30518 | D:12     | Killed Urug
 30674 | D:12     | Found a runed translucent door.
 30674 | D:12     | Noticed ndkqne's ghost (journeyman GrEE)
 31356 | D:12     | Killed ndkqne's ghost
 31407 | D:12     | Reached XP level 16. HP: 94/108 MP: 19/19
 31491 | D:13     | Received a gift from Okawaru
 31951 | D:14     | Found a gate to the Vaults.
 31951 | D:14     | Noticed Rupert
 32019 | D:14     | Killed Rupert
 32020 | D:14     | Reached skill level 15 in Shields
 32293 | D:14     | Found a hide-covered altar of Uskayaw.
 33072 | D:15     | Entered Level 15 of the Dungeon
 33072 | D:15     | Noticed Azrael
 33079 | D:14     | Killed Azrael
 33113 | D:15     | Received a gift from Okawaru
 33331 | D:15     | Found a staircase to the Depths.
 33355 | D:15     | Reached skill level 15 in Armour
 33381 | D:15     | Received a gift from Okawaru
 33727 | D:15     | Found a shadowy altar of Dithmenos.
 33877 | D:15     | Noticed Nessos
 33886 | D:15     | Killed Nessos
 34891 | Snake:1  | Entered Level 1 of the Snake Pit
 35083 | Snake:1  | Reached XP level 17. HP: 113/113 MP: 21/21
 35457 | Snake:1  | Noticed Frances
 35467 | Snake:1  | Killed Frances
 36111 | Snake:2  | Received a gift from Okawaru
 36571 | Snake:2  | Found Veisucse's Distillery.
 36580 | Snake:2  | Bought a potion of heal wounds for 80 gold pieces
 36580 | Snake:2  | Bought a potion of haste for 160 gold pieces
 36580 | Snake:2  | Bought a potion of might for 64 gold pieces
 36580 | Snake:2  | Found Ycies's Antique Armour Boutique.
 36593 | Snake:2  | Identified the +8 rapier "Liguj" {vorpal, Int+5}
 36610 | Snake:2  | Received a gift from Okawaru
 37317 | Snake:3  | Found a frozen archway.
 37323 | IceCv    | Entered an ice cave
 37566 | IceCv    | Slain by a titanic slime creature

Illustrated notes

Levels and vault maps discovered:
D:1:      wander_arrival_estate, layout_rooms,
          shapermc_ecumenical_altar_mp_highgroup, minmay_misc_feat_enclosed,
          corexii_corridor_pit, nrook_campfire
D:2:      layout_basic, kennysheep_generic_room_9
D:3:      wander_river, layout_rooms, fedhas_altar_1
D:4:      layout_layer_cave, kiku_gazebo_pond_becter, grunt_ministairs_8,
          minivault_25
D:5:      layout_basic, nicolae_sif_muna_little_library,
          kennysheep_small_spiral, serial_bayou_lagoon_a
D:6:      layout_basic, minmay_temple_entry_mini_moons,
          corexii_item_surrounded_by_moat, nicolae_underground_beach
D:7:      layout_layer_cave, nicolae_ru_great_annihilating_truth,
          kennysheep_generic_room_11
D:8:      layout_loops_cross, lair_entry_dummy, serial_shops,
          kennysheep_mini_moat, hex_medium, uniq_psyche
D:9:      layout_stronghold, orc_david_3, hangedman_decor_growths
D:10:     layout_cave_pools
D:11:     layout_rooms, gammafunk_ghost_split, serial_shops,
          nicolae_shop_temple_entry_statues_fountains
D:12:     layout_roguey, gammafunk_ghost_grave, special_room [special_room_bee],
          serial_bayou_pond_e, uniq_urug
D:13:     layout_cave_pools, serial_undead, serial_undead_c, serial_undead_c,
          serial_undead_b, serial_undead_c, serial_undead_c, serial_undead_a,
          serial_undead_c
D:14:     layout_loops_ring, david_vaults_3, eat_drink_and_be_merry_uskayaw
D:15:     gammafunk_depths_entry_grave, layout_small_grid,
          nicolae_dithmenos_shadow_blocks, einodemon_crawler_minivault,
          uniq_azrael, uniq_nessos
Temple:   dpeg_five_rooms_temple
Lair:1:   layout_cave_pods, minivault_23, minmay_lair_oklob_bushes,
          serial_bayou_shore_a
Lair:2:   layout_cave_pods, grunt_megastairs_4, infiniplex_staircase_pool_2
Lair:3:   layout_roguey, st_stairs_5, hangedman_tree_tricks, disabler_island
Lair:4:   lemuel_reptile_caves, layout_gridlike,
          minmay_shoals_entry_lonely_mermaid,
          minmay_snake_entry_guardpost_medium, gauntlet_entry_generic,
          uniq_rupert
Lair:5:   nzn_winding_woodlands_stair_cross
          [nzn_winding_woodlands_5x15_river_crossing,
          nzn_winding_woodlands_center_garden,
          nzn_winding_woodlands_5x15_zeroes,
          nzn_winding_woodlands_5x5_perimeter,
          nzn_winding_woodlands_5x5_open_star,
          nzn_winding_woodlands_5x15_default,
          nzn_winding_woodlands_center_pierced_h,
          nzn_winding_woodlands_5x15_pockets], layout_hall_layers,
          slime_altar_1, enter_volcano_2, serial_rivers,
          chequers_serial_rivers_large_a, chequers_serial_rivers_micro_a,
          chequers_serial_rivers_room_a, chequers_serial_rivers_room_b,
          chequers_serial_rivers_small_3
Lair:6:   minmay_lair_end_enchanted_forest, layout_cave_pods,
          minmay_lair_oklob_chamber, infiniplex_staircase_pool, uniq_josephine
Snake:1:  layout_chambers, uniq_frances
Snake:2:  layout_honeycomb, grunt_megastairs_1, lemuel_fruit_tree,
          minmay_shop_star
Snake:3:  layout_cave_pods, portal_ice_cave_entry_horrid_things
Orc:1:    layout_caves
Orc:2:    grunt_orc_tribal_feast, layout_caves, abandoned_shop
IceCv:    ice_cave_hellmonk_azure_passage

Skill      XL: |  1  2  3  4  5  6  7  8  9 10 11 12 13 14 15 16 17 |
---------------+----------------------------------------------------+-----
Fighting       | 4 5 9 11 15 16 | 16.1
Shields        | 4 5 8 10 13 16 | 16.0
Maces & Flails | 3 4 5 6 8 11 13 14 15 16 | 16.0
Throwing       | 1 3 5 6 7 |  7.6
Invocations    | 5 6 8 |  8.5
Armour         | 10 13 15 | 15.0

Action                   |  1- 3 |  4- 6 |  7- 9 | 10-12 | 13-15 | 16-18 || total
-------------------------+-------+-------+-------+-------+-------+-------++-------
Melee: Flail             |   117 |   199 |   381 |   406 |       |       ||  1103
       Eveningstar       |       |       |       |   205 |  1442 |   639 ||  2286
Throw: Dart              |     7 |    67 |    31 |    36 |     7 |       ||   148
       Throwing net      |       |     1 |       |       |       |       ||     1
       Javelin           |       |       |       |    14 |    47 |    42 ||   103
       Boomerang         |       |       |       |     7 |     8 |       ||    15
Invok: Heroism           |       |       |       |     2 |     6 |     1 ||     9
       Finesse           |       |       |       |     1 |     5 |       ||     6
Evoke: Wand              |       |       |       |     2 |       |       ||     2
  Use: Scroll            |       |     5 |     3 |    12 |    17 |     6 ||    43
       Potion            |       |     1 |     2 |     3 |       |       ||     6
 Stab: Paralysed         |       |       |     1 |       |       |       ||     1
       Petrifying        |       |       |       |     1 |       |       ||     1
       Petrified         |       |       |       |     1 |       |       ||     1
Armor: Scale mail        |   104 |   151 |   221 |   204 |   122 |       ||   802
       Ring mail         |       |       |       |       |   154 |       ||   154
       Chain mail        |       |       |       |       |   387 |   238 ||   625
Dodge: Dodged            |    50 |    66 |   107 |   150 |   373 |   130 ||   876
Block: Kite shield       |    74 |   157 |   181 |   256 |  1493 |   534 ||  2695
       Reflection        |       |       |       |       |    42 |    54 ||    96

Table legend: (Time is in decaauts)
 A = Elapsed time spent in this place.
 B = Non-inter-level travel time spent in this place.
 C = Inter-level travel time spent in this place.
 D = Time resting spent in this place.
 E = Time spent auto-exploring this place.
 F = Levels seen in this place.
 G = Mean time per level.
                   A        B        C        D        E       F      G
               +--------+--------+--------+--------+--------+-----+--------+
         Total |  37343 |  36016 |   1327 |   8389 |  21333 |  30 | 1244.8 |
       Dungeon |  18592 |  17843 |    749 |   3311 |  11582 |  15 | 1239.5 |
        Temple |    221 |    140 |     81 |      0 |    129 |   1 |  221.0 |
          Lair |  12066 |  11697 |    369 |   3360 |   6453 |   6 | 2011.0 |
     Snake Pit |   2363 |   2302 |     61 |     51 |   1945 |   3 |  787.7 |
  Orcish Mines |   2716 |   2651 |     65 |   1188 |    872 |   2 | 1358.0 |
      Ice Cave |    229 |    229 |      0 |     84 |     66 |   1 |  229.0 |
       Volcano |    551 |    551 |      0 |    111 |    278 |   1 |  551.0 |
      Gauntlet |    603 |    603 |      0 |    284 |      8 |   1 |  603.0 |
               +--------+--------+--------+--------+--------+-----+--------+

Top non-repeatable levels by time:
  Lair:5: 2721 daAuts
  Lair:6: 2715 daAuts
     D:6: 2335 daAuts
  Lair:2: 2298 daAuts
     D:2: 1913 daAuts
   Orc:2: 1853 daAuts
  Lair:4: 1707 daAuts
     D:7: 1703 daAuts
  Lair:3: 1617 daAuts
     D:5: 1498 daAuts
    D:15: 1425 daAuts
     D:4: 1284 daAuts
     D:8: 1267 daAuts
    D:14: 1240 daAuts
     D:9: 1197 daAuts
